 Dungeon Crawl Stone Soup version 0.30.0-7-g0c4daa9e05 (webtiles) character file.

Game seed: 1880943432875163404

108906 Ijustatesigmund the Thaumaturge (level 16, -10/87 HPs)
             Began as a Gnoll Conjurer on May 13, 2023.
             Was a High Priest of Vehumet.
             Killed by divine providence
             ... invoked by a smoke demon
              (14 damage)
             ... on level 2 of the Abyss.
             The game lasted 01:44:33 (34182 turns).

Ijustatesigmund the Thaumaturge (Gnoll Conjurer)   Turns: 34182, Time: 01:44:33

Health: -10/87     AC: 22    Str:  6 (7)  XL:     16   Next: 50%
Magic:  5/32       EV: 19    Int: 22      God:    Vehumet [*****.]
Gold:   1299       SH:  7    Dex:  8      Spells: 2/39 levels left

rFire   . . .        O - +9 demon trident
rCold   . . .        y - +1 buckler {AC+3}
rNeg    . . .        a - +1 steam dragon scales
rPois   +            I - +1 helmet
rElec   .            M - +1 cloak
rCorr   .            L - +2 pair of gloves {Stlth+}
SInv    +            J - +1 pair of boots
Will    +....        n - amulet of regeneration
Stlth   ++++++       r - +5 ring of evasion
HPRegen 0.00/turn    m - ring "Holib" {Fly rPois SInv}
MPRegen 0.23/turn

%: random rage (9%)
@: about to teleport, on berserk cooldown, sick, flying, very slightly
contaminated, slowed, unable to read, unable to drink, very slow
A: fangs 1, strong nose, distributed training, [berserk 2], [clumsy 2],
[deterioration 1], [dopey 1], frail 1[+2], ([teleportitis 2]), [inability to
read after injury 1]
a: Renounce Religion


You were on level 2 of the Abyss.
You worshipped Vehumet.
Vehumet was extremely pleased with you.
You visited 4 branches of the dungeon, and saw 23 of its levels.
You visited the Abyss 1 time.
You also visited: Bailey.

You collected 2867 gold pieces.
You spent 1568 gold pieces at shops.

Inventory:

Hand Weapons
 f - a +6 flail of protection
 E - a +4 antimagic broad axe
 O - a +9 demon trident (weapon)
 T - the +8 flail of the Lumpy People {freeze, Fly Int+3}
   (You bought it in a shop on level 2 of the Orcish Mines)

   Int:       It affects your intelligence (+3).
   Fly:       It grants you flight.
Missiles
 w - 3 throwing nets
 D - 5 silver javelins
 H - 6 curare-tipped darts (quivered)
 N - 10 atropa-tipped darts
Armour
 a - +1 steam dragon scales (worn)
 y - a +1 buckler of protection (worn)
 I - a +1 helmet (worn)
 J - a +1 pair of boots (worn)
 K - a +2 robe of fire resistance
 L - a +2 pair of gloves of stealth (worn)
 M - a +1 cloak (worn)
Jewellery
 k - a ring of resist corrosion
 m - the ring "Holib" (right hand) {Fly rPois SInv}
   (You acquired it on level 5 of the Dungeon)

   [ring of see invisible]

   rPois:     It protects you from poison.
   SInv:      It lets you see invisible.
   Fly:       It grants you flight.
 n - an amulet of regeneration (around neck)
 r - a +5 ring of evasion (left hand)
 R - an amulet of reflection
 S - the ring "Featz" {rF- rN+ Str+4 Int+6}
   (You found it on level 11 of the Dungeon)

   [ring of intelligence]

   Str:       It affects your strength (+4).
   Int:       It affects your intelligence (+6).
   rF:        It makes you vulnerable to fire.
   rN:        It protects you from negative energy.
 X - a ring of protection from cold
 Y - a ring of protection from fire
Wands
 s - a wand of flame (1)
 x - a wand of mindburst (13)
 A - a wand of polymorph (6)
 F - a wand of roots (15)
 G - a wand of digging (6)
Scrolls
 i - 4 scrolls of enchant weapon
 l - 5 scrolls of identify
 o - 2 scrolls of blinking
 u - 2 scrolls of poison
 B - a scroll of fear
 C - 7 scrolls of fog
 P - 4 scrolls of teleportation
 U - 3 scrolls of immolation
 W - a scroll of summoning
Potions
 b - 4 potions of heal wounds
 c - 3 potions of invisibility
 d - 3 potions of cancellation
 e - a potion of attraction
 g - 3 potions of flight
 h - 3 potions of mutation
 j - 2 potions of magic
 p - 5 potions of curing
 q - 4 potions of brilliance
 t - 5 potions of lignification
 v - 3 potions of ambrosia
 z - 7 potions of haste
 Q - 2 potions of berserk rage
 V - 2 potions of might
 Z - a potion of resistance


   Skills:
 + Level 11.3 Fighting
 + Level 11.3 Short Blades
 + Level 11.3 Long Blades
 + Level 11.3 Axes
 + Level 11.3 Maces & Flails
 + Level 11.3 Polearms
 + Level 11.3 Staves
 + Level 11.3 Ranged Weapons
 + Level 11.3 Throwing
 + Level 11.3 Armour
 + Level 12.2 Dodging
 + Level 12.0 Stealth
 + Level 11.3 Shields
 + Level 11.3 Unarmed Combat
 + Level 12.3 Spellcasting
 + Level 11.8 Conjurations
 + Level 9.5 Hexes
 + Level 9.5 Summonings
 + Level 9.5 Necromancy
 + Level 9.5 Translocations
 + Level 9.5 Transmutations
 + Level 9.5 Fire Magic
 + Level 9.5 Ice Magic
 + Level 9.5 Air Magic
 + Level 9.5 Earth Magic
 + Level 9.5 Poison Magic
 + Level 12.3 Invocations
 + Level 11.3 Evocations


You had 2 spell levels left.
You knew the following spells:

 Your Spells              Type           Power      Damage    Failure   Level
a - Magic Dart            Conj           100%       1d8       1%          1
b - Iron Shot             Conj/Erth      28%        9d6       3%          6
c - Iskenderun's Mystic   Conj/Tloc      57%        2d12      1%          4
d - Mephitic Cloud        Conj/Pois/Air  56%        N/A       1%          3
e - Flame Wave            Conj/Fire      57%        2d14      1%          4
f - Freezing Cloud        Conj/Ice/Air   28%        6-21      1%          5
g - Stone Arrow           Conj/Erth      100%       3d13      1%          3
h - Irradiate             Conj/Tmut      28%        3d21      1%          5
i - Plasma Beam           Fire/Air       27%        2x1d43    5%          6

Your spell library contained the following spells:

 Spells                   Type           Power      Damage    Failure   Level
 Fireball                 Conj/Fire      28%        3d12      1%          5
 Beastly Appendage        Tmut           100%       N/A       1%          1
 Freeze                   Ice            100%       1d10      1%          1
 Sandblast                Erth           100%       2d20      1%          1
 Slow                     Hex            100%       N/A       1%          1
 Call Imp                 Summ           100%       N/A       1%          2
 Ensorcelled Hibernation  Hex/Ice        100%       N/A       1%          2
 Passwall                 Tmut/Erth      45%        N/A       1%          2
 Poisonous Vapours        Pois/Air       100%       N/A       1%          2
 Scorch                   Fire           100%       2d9       1%          2
 Searing Ray              Conj           100%       2d8       1%          2
 Wereblood                Tmut           54%        N/A       1%          2
 Confusing Touch          Hex            54%        N/A       1%          3
 Dazzling Flash           Conj/Hex       100%       N/A       1%          3
 Inner Flame              Hex/Fire       54%        N/A       1%          3
 Spider Form              Tmut/Pois      54%        N/A       1%          3
 Swiftness                Air            54%        N/A       1%          3
 Vampiric Draining        Necr           54%        2d9       1%          3
 Fulminant Prism          Conj/Hex       28%        3d14      1%          4
 Petrify                  Tmut/Erth      54%        N/A       1%          4
 Sticky Flame             Conj/Fire      57%        2d7       1%          4
 Agony                    Necr           54%        N/A       3%          5
 Blade Hands              Tmut           27%        N/A       3%          5
 Metabolic Englaciation   Hex/Ice        27%        N/A       3%          5
 Silence                  Hex/Air        27%        N/A       3%          5
 Statue Form              Tmut/Erth      36%        N/A       19%         6
 Summon Cactus Giant      Summ           27%        N/A       19%         6
 Dragon Form              Tmut           27%        N/A       71%         7


Dungeon Overview and Level Annotations

Branches:
Dungeon (15/15)            Temple (1/1) D:6            Lair (5/5) D:8
  Swamp (0/4) Lair:2        Snake (0/4) Lair:2        Slime (0/5) Lair:4
    Orc (2/2) D:10            Elf (0/3) Orc:2        Vaults (0/5) D:14
 Bailey (visited)
 Depths: D:15

Altars:
Ashenzari
Cheibriados
Dithmenos
Elyvilon
Fedhas
Gozag
Hepliaklqana
Kikubaaqudgha
Makhleb
Nemelex Xobeh
Okawaru
Qazlal
Ru
Sif Muna
Trog
Uskayaw
Vehumet
Wu Jian
Xom
Yredelemnul
Zin
The Shining One

Shops:
Orc:2 ((?(::**


Innate Abilities, Weirdness & Mutations

You have very sharp teeth.
Your uncanny sense of smell can sniff out nearby items.
Your experience applies equally to all skills.
[You have an uncontrollable temper.]
[You are very clumsy. (Dex -4)]
[Your body sometimes deteriorates upon taking damage.]
[You are dopey. (Int -2)]
[You are extremely frail. (-30% HP)]
[((You are often teleported next to monsters.))]
[You occasionally lose the ability to read scrolls when taking damage.]


Message History

Vehumet accepts your kill.
You feel your power returning.
The mystic blast hits the small abomination!
You destroy the small abomination!
Vehumet accepts your kill.
The mystic blast hits the sixfirhy!!
You kill the sixfirhy!
Vehumet accepts your kill.
You feel your power returning.
You hear an angry buzzing noise.
You feel yourself growing ill in the presence of the ancient zyme.
A deep elf elementalist comes into view.
It is wielding a +2 dagger of protection.
You feel the corruption within you wane somewhat.
You feel more energetic.
You feel clever.
You lose the ability to read scrolls when taking damage less often.
You lose the ability to drink potions when taking damage less often.
You feel a little healthier.
You no longer become unable to drink potions after taking damage.
You feel more energetic. The ancient zyme hits you.
* * * LOW HITPOINT WARNING * * *
The ancient zyme completely misses you.
The deep elf elementalist gestures at you while chanting.
Some walls begin to move on their own!
The smoke demon gestures at you. Something smites you!
* * * LOW HITPOINT WARNING * * *
You hear a bleat!
You hear a screech! x2
You cannot read scrolls in your current state!
Unknown command.
Aiming: Mindburst
Press: ? - help, Shift-Dir - straight line, f - ancient zyme
Aim: an ancient zyme (chance to affect: 67%)
The ancient zyme's mind is blasted!
The ancient zyme completely misses you. The ancient zyme barely misses you.
You feel ill.
A chaos spawn comes into view.
The ancient zyme misses you. You block the ancient zyme's attack.
The smoke demon gestures at you. Something smites you!
You die...

. .### .... # #
. #..# # ....
... . ##. # .#
#.. .. ..
#.##### .#
#.##.#..##..@.#
## #. #
...###..x#..
..# ....# .
#...###3.e# .
#... .....#
..#E#...
..##..#.## .
..#4..... # .R
# # ..##.
##..## . . #.
##. . ...... ..
. .#.... .#
##....... .
3x†##.## . # .#
..#


You could see a deep elf elementalist (repels missiles), an ancient zyme, an
earth elemental (summoned), a smoke demon and a chaos spawn.

Vanquished Creatures
  An acid blob (Lair:4)
  A tentacled starspawn (Abyss:2)
  Nessos (Lair:4)
  The ghost of Gabide the Black Belt, a journeyman DsWn of Xom (Lair:3)
  An ettin (Orc:1)
  Josephine (Orc:2)
  An ice dragon (Lair:5)
  Harold (D:10)
  A boulder beetle (D:14)
  9 hydras
  3 ogre magi (Orc:2)
  3 catoblepae
  5 centaur warriors
  19 two-headed ogres
  4 tengu warriors
  Urug (D:10)
  5 death yaks
  An orc high priest (Orc:2)
  Amaemon (D:8)
  2 sixfirhies (Abyss:2)
  A skyshark (Lair:5)
  A wretched star (Abyss:2)
  7 deep elf zephyrmancers
  3 deep elf pyromancers
  6 orc knights
  2 lindwurms (Lair:5)
  11 ugly things
  An orc sorcerer (Orc:1)
  A salamander (Lair:2)
  4 cyclopes
  2 manticores (D:12)
  10 elephants
  A worldbinder (Abyss:2)
  Maurice (D:12)
  3 black mambas
  A naga mage (D:15)
  12 cane toads
  A smoke demon (Abyss:2)
  2 orange demons
  2 gargoyles (D:11)
  5 torpor snails (Lair:5)
  An unseen horror (D:12)
  7 komodo dragons
  An efreet (D:15)
  3 tengu conjurers
  2 yaktaurs
  8 hornets
  10 polar bears
  4 tyrant leeches
  6 raiju
  4 blink frogs (Lair:2)
  8 dream sheep
  20 slime creatures
  Sigmund (D:5)
  9 wraiths
  42 yaks
  2 shadows
  2 vampires
  3 ynoxinuls (Abyss:2)
  A large abomination (Abyss:2)
  16 humans (D:14)
  A neqoxec (Abyss:2)
  A chaos spawn (Abyss:2)
  6 basilisks
  2 steam dragons
  8 wargs
  Menkaure (D:6)
  3 swamp worms (Lair:2)
  An acid dragon (D:8)
  8 water moccasins
  13 hell hounds (Lair:5)
  Duvessa (D:4)
  13 black bears
  22 orc warriors
  2 ice beasts
  A sky beast (D:7)
  28 ogres
  17 wolves
  9 centaurs
  3 phantoms (D:6)
  3 kobold brigands
  7 bullfrogs
  A scorpion (D:7)
  4 small abominations (Abyss:2)
  11 wights
  Dowan (D:4)
  5 killer bees (D:9)
  6 electric eels
  9 howler monkeys
  2 lava snakes (Lair:2)
  3 gnoll boudas
  15 orc priests
  2 hounds
  An iron imp (Abyss:2)
  A jelly (D:6)
  4 sleepcaps
  3 iguanas
  21 orc wizards
  A mummy (D:6)
  Robin (D:3)
  11 gnolls
  10 adders
  A shadow imp (D:7)
  3 white imps
  A worm (D:2)
  2 dart slugs
  88 orcs
  4 ball pythons
  4 endoplasms
  3 giant cockroaches
  25 goblins
  10 hobgoblins
  2 jackals (D:1)
  25 kobolds
  3 quokkas
  3 bats (D:1)
  5 frilled lizards
  6 rats
  2 butterflies (Lair:4)
  A starspawn tentacle (Abyss:2)
739 creatures vanquished.

Vanquished Creatures (collateral kills)
  A wyvern (D:7)
  A black bear (Lair:5)
  A howler monkey (D:12)
3 creatures vanquished.

Vanquished Creatures (others)
  An ogre mage (Orc:2)
  A raiju (Lair:5)
  A yak (Lair:5)
  An orc wizard (Orc:1)
  2 starspawn tentacles (Abyss:2)
6 creatures vanquished.

Grand Total: 748 creatures vanquished

Notes
Turn   | Place    | Note
-------+----------+-------------------------------------------
     0 | D:1      | Ijustatesigmund the Gnoll Conjurer began the quest for the
                  | Orb.
     0 | D:1      | Reached XP level 1. HP: 13/13 MP: 6/6
   225 | D:1      | Reached XP level 2. HP: 19/19 MP: 4/7
   228 | D:1      | Learned a level 2 spell: Searing Ray
  1032 | D:2      | Reached skill level 5 in Spellcasting
  1032 | D:2      | Reached XP level 3. HP: 25/25 MP: 5/9
  1344 | D:2      | Reached skill level 1 in Invocations
  1433 | D:2      | Reached skill level 1 in Fighting
  1433 | D:2      | Reached skill level 1 in Short Blades
  1433 | D:2      | Reached skill level 1 in Long Blades
  1433 | D:2      | Reached skill level 1 in Axes
  1433 | D:2      | Reached skill level 1 in Maces & Flails
  1433 | D:2      | Reached skill level 1 in Polearms
  1433 | D:2      | Reached skill level 1 in Staves
  1433 | D:2      | Reached skill level 1 in Ranged Weapons
  1433 | D:2      | Reached skill level 1 in Throwing
  1433 | D:2      | Reached skill level 1 in Armour
  1433 | D:2      | Reached skill level 1 in Shields
  1433 | D:2      | Reached skill level 1 in Unarmed Combat
  1433 | D:2      | Reached skill level 1 in Evocations
  2028 | D:3      | Reached XP level 4. HP: 32/32 MP: 8/11
  2062 | D:3      | Learned a level 4 spell: Iskenderun's Mystic Blast
  2250 | D:3      | Identified the +0 robe "Xaraadgh" {rPois Int+3}
  2566 | D:3      | Found a hide-covered altar of Uskayaw.
  2629 | D:3      | Learned a level 3 spell: Mephitic Cloud
  2635 | D:3      | Reached skill level 1 in Hexes
  2635 | D:3      | Reached skill level 1 in Summonings
  2635 | D:3      | Reached skill level 1 in Necromancy
  2635 | D:3      | Reached skill level 1 in Translocations
  2635 | D:3      | Reached skill level 1 in Transmutations
  2635 | D:3      | Reached skill level 1 in Fire Magic
  2635 | D:3      | Reached skill level 1 in Ice Magic
  2635 | D:3      | Reached skill level 1 in Air Magic
  2635 | D:3      | Reached skill level 1 in Earth Magic
  2635 | D:3      | Reached skill level 1 in Poison Magic
  2655 | D:3      | Noticed Robin
  2670 | D:3      | Killed Robin
  3221 | D:4      | Noticed an ogre
  3224 | D:4      | Killed an ogre
  3225 | D:4      | Reached XP level 5. HP: 38/38 MP: 9/12
  3346 | D:4      | Found an ornate altar of the Wu Jian Council.
  3369 | D:4      | Noticed Dowan
  3491 | D:4      | Reached XP level 6. HP: 39/44 MP: 8/13
  3552 | D:4      | Noticed Duvessa
  3562 | D:4      | Killed Dowan
  3570 | D:4      | Killed Duvessa
  3571 | D:4      | Reached skill level 5 in Dodging
  3715 | D:4      | Found a glowing silver altar of Zin.
  3785 | D:4      | You fall into a shaft and drop 3 floors!
  3893 | D:7      | Found a flagged portal.
  3899 | Bailey   | Entered a bailey
  3911 | Bailey   | Noticed an orc warlord
  3957 | Bailey   | Noticed an orc warrior
  3968 | Bailey   | Killed an orc warrior
  3969 | Bailey   | Reached XP level 7. HP: 42/51 MP: 5/15
  4186 | Bailey   | Reached skill level 5 in Stealth
  4265 | Bailey   | Reached XP level 8. HP: 58/58 MP: 6/16
  4533 | Bailey   | Found a runed translucent gate.
  4540 | Bailey   | Found a runed translucent gate.
  4541 | Bailey   | Found a runed translucent gate.
  4719 | D:7      | Noticed a wyvern
  4729 | D:7      | Killed a wyvern
  5006 | D:7      | Noticed a hornet
  5238 | D:7      | Reached XP level 9. HP: 61/65 MP: 12/18
  5456 | D:6      | Found a transporter.
  5470 | D:6      | Found a transporter.
  5607 | D:5      | Entered Level 5 of the Dungeon
  5962 | D:5      | Found a bloodstained altar of Trog.
  6588 | D:4      | Learned a level 4 spell: Flame Wave
  6699 | D:5      | Reached skill level 5 in Invocations
  6935 | D:5      | Noticed Sigmund
  6944 | D:5      | Killed Sigmund
  7441 | D:5      | Acquired the ring "Holib" {Fly rPois SInv}
  7622 | D:5      | Learned a level 5 spell: Freezing Cloud
  8579 | D:6      | Found a staircase to the Ecumenical Temple.
  8583 | D:6      | Reached skill level 5 in Fighting
  8583 | D:6      | Reached skill level 5 in Short Blades
  8583 | D:6      | Reached skill level 5 in Long Blades
  8583 | D:6      | Reached skill level 5 in Axes
  8583 | D:6      | Reached skill level 5 in Maces & Flails
  8583 | D:6      | Reached skill level 5 in Polearms
  8583 | D:6      | Reached skill level 5 in Staves
  8583 | D:6      | Reached skill level 5 in Ranged Weapons
  8583 | D:6      | Reached skill level 5 in Throwing
  8583 | D:6      | Reached skill level 5 in Armour
  8583 | D:6      | Reached skill level 5 in Shields
  8583 | D:6      | Reached skill level 5 in Unarmed Combat
  8583 | D:6      | Reached skill level 5 in Evocations
  8583 | D:6      | Reached XP level 10. HP: 72/72 MP: 20/20
  8597 | Temple   | Entered the Ecumenical Temple
  8759 | Temple   | Became a worshipper of Vehumet
  9094 | D:6      | Found an ancient bone altar of Kikubaaqudgha.
  9094 | D:6      | Identified the +9 spear "Killer Bee's Bane" {holy, Will++
                  | rCorr Int-5 Dex+3}
  9099 | D:6      | Noticed Menkaure
  9106 | D:6      | Found a basalt altar of Yredelemnul.
  9899 | D:8      | Noticed a death yak
  9900 | D:8      | Noticed an elephant
 10399 | D:8      | Found a broken altar of Ashenzari.
 10847 | D:9      | Reached * piety under Vehumet
 10847 | D:9      | Offered knowledge of Foxfire by Vehumet.
 10924 | D:8      | Found a stormy altar of Qazlal.
 11438 | D:9      | Noticed a two-headed ogre
 11540 | D:9      | Killed a two-headed ogre
 12185 | D:10     | Entered Level 10 of the Dungeon
 12302 | D:10     | Noticed Harold
 12303 | D:10     | Identified the +9 plate armour of the Other World {SInv}
 12307 | D:10     | Reached skill level 5 in Hexes
 12307 | D:10     | Reached skill level 5 in Summonings
 12307 | D:10     | Reached skill level 5 in Necromancy
 12307 | D:10     | Reached skill level 5 in Translocations
 12307 | D:10     | Reached skill level 5 in Transmutations
 12307 | D:10     | Reached skill level 5 in Fire Magic
 12307 | D:10     | Reached skill level 5 in Ice Magic
 12307 | D:10     | Reached skill level 5 in Air Magic
 12307 | D:10     | Reached skill level 5 in Earth Magic
 12307 | D:10     | Reached skill level 5 in Poison Magic
 12308 | D:10     | Reached XP level 11. HP: 76/81 MP: 17/22
 12312 | D:10     | Killed Harold
 12393 | D:10     | Found a sparkling altar of Nemelex Xobeh.
 12665 | D:10     | Noticed Urug
 12690 | D:10     | Killed Urug
 13408 | D:10     | Noticed a two-headed ogre
 13409 | D:10     | Noticed an orc knight
 13443 | D:10     | Killed a two-headed ogre
 13530 | D:10     | Killed an orc knight
 13553 | D:10     | Noticed an orc knight
 13643 | D:10     | Killed an orc knight
 13648 | D:10     | Offered knowledge of Sandblast by Vehumet.
 13688 | D:10     | Found a staircase to the Orcish Mines.
 13700 | D:10     | Reached ** piety under Vehumet
 14036 | D:11     | Found a stormy altar of Qazlal.
 14044 | D:11     | Identified the ring "Featz" {rF- rN+ Str+4 Int+6}
 14297 | D:11     | Noticed a red ugly thing
 14303 | D:11     | Killed a red ugly thing
 15082 | D:12     | Noticed a centaur warrior
 15093 | D:12     | Killed a centaur warrior
 15125 | D:12     | Reached XP level 12. HP: 91/91 MP: 24/24
 15548 | D:12     | Noticed Maurice
 15562 | D:12     | Killed Maurice
 15787 | D:12     | Noticed a catoblepas
 15820 | D:12     | Killed a catoblepas
 15874 | D:12     | Noticed a two-headed ogre
 15894 | D:12     | Killed a two-headed ogre
 16684 | D:13     | Noticed a centaur warrior
 16691 | D:13     | Killed a centaur warrior
 16774 | D:13     | Noticed a four-headed hydra
 16781 | D:13     | Killed a four-headed hydra
 17167 | D:13     | Noticed a centaur warrior
 17174 | D:13     | Killed a centaur warrior
 17311 | D:13     | Offered knowledge of Volatile Blastmotes by Vehumet.
 17801 | D:14     | Noticed a catoblepas
 17834 | D:14     | Noticed a seven-headed hydra
 17975 | D:14     | Killed a seven-headed hydra
 18858 | D:8      | Found an opulent altar of Gozag.
 18861 | D:8      | Found a burning altar of Makhleb.
 18863 | D:8      | Found an iron altar of Okawaru.
 18988 | D:8      | Found a staircase to the Lair.
 19013 | D:8      | Noticed Amaemon
 19019 | D:8      | Killed Amaemon
 19275 | D:8      | Found a blossoming altar of Fedhas.
 19278 | D:8      | Found a sacrificial altar of Ru.
 19646 | D:6      | Killed Menkaure
 19738 | D:6      | Learned a level 3 spell: Stone Arrow
 19806 | Lair:1   | Entered Level 1 of the Lair of Beasts
 19944 | Lair:1   | Reached *** piety under Vehumet
 19968 | Lair:1   | Reached XP level 13. HP: 48/98 MP: 23/26
 20297 | Lair:1   | Reached skill level 10 in Conjurations
 21061 | Lair:2   | Offered knowledge of Airstrike by Vehumet.
 21447 | Lair:2   | Reached skill level 10 in Spellcasting
 22132 | Lair:2   | Found a staircase to the Snake Pit.
 22320 | Lair:2   | Found a staircase to the Swamp.
 22659 | Lair:3   | Reached **** piety under Vehumet
 22727 | Lair:3   | Reached skill level 10 in Dodging
 22738 | Lair:3   | Offered knowledge of Lee's Rapid Deconstruction by Vehumet.
 23432 | Lair:3   | Found a runed translucent door.
 23433 | Lair:3   | Noticed Gabide's ghost (journeyman DsWn)
 23471 | Lair:3   | Killed Gabide's ghost
 23836 | Lair:4   | Noticed Nessos
 23843 | Lair:4   | Killed Nessos
 23844 | Lair:4   | Reached skill level 10 in Stealth
 23960 | Lair:4   | Learned a level 5 spell: Irradiate
 24485 | Lair:4   | Reached skill level 10 in Invocations
 24485 | Lair:4   | Reached XP level 14. HP: 108/108 MP: 22/28
 24998 | Lair:4   | Found a runed translucent door.
 24999 | Lair:4   | Found a staircase to the Slime Pits.
 24999 | Lair:4   | Noticed an acid blob
 25011 | Lair:4   | Killed an acid blob
 25272 | Lair:5   | Entered Level 5 of the Lair of Beasts
 25567 | Lair:5   | Reached ***** piety under Vehumet
 25572 | Lair:4   | Offered knowledge of Plasma Beam by Vehumet.
 26493 | Lair:5   | Learned a level 6 spell: Plasma Beam
 27384 | Lair:5   | Identified the +5 hand axe of Heanlop {heavy, rC+}
 28169 | Lair:5   | Found a runed translucent door.
 28316 | Lair:5   | Reached skill level 10 in Fighting
 28316 | Lair:5   | Reached skill level 10 in Short Blades
 28316 | Lair:5   | Reached skill level 10 in Long Blades
 28316 | Lair:5   | Reached skill level 10 in Axes
 28316 | Lair:5   | Reached skill level 10 in Maces & Flails
 28316 | Lair:5   | Reached skill level 10 in Polearms
 28316 | Lair:5   | Reached skill level 10 in Staves
 28316 | Lair:5   | Reached skill level 10 in Ranged Weapons
 28316 | Lair:5   | Reached skill level 10 in Throwing
 28316 | Lair:5   | Reached skill level 10 in Armour
 28316 | Lair:5   | Reached skill level 10 in Shields
 28316 | Lair:5   | Reached skill level 10 in Unarmed Combat
 28316 | Lair:5   | Reached skill level 10 in Evocations
 28755 | Lair:5   | Reached XP level 15. HP: 53/115 MP: 22/30
 29129 | Orc:1    | Entered Level 1 of the Orcish Mines
 29314 | Orc:1    | Offered knowledge of Starburst by Vehumet.
 29450 | Orc:2    | Entered Level 2 of the Orcish Mines
 29810 | Orc:2    | Paralysed by an ogre mage for 5 turns
 29818 | Orc:2    | Found Feogh's Weapon Shoppe.
 29825 | Orc:2    | Offered knowledge of Arcjolt by Vehumet.
 30225 | Orc:2    | Found Juodwil's Antique Weapon Emporium.
 30225 | Orc:2    | Found Wopomih's Book Shop.
 30226 | Orc:2    | Found Icidghus's Magic Scroll Shop.
 30226 | Orc:2    | Found Duism's Book Shoppe.
 30258 | Orc:2    | Bought a scroll of fear for 52 gold pieces
 30258 | Orc:2    | Bought a scroll of teleportation for 39 gold pieces
 30258 | Orc:2    | Bought 2 scrolls of identify for 52 gold pieces
 30260 | Orc:2    | Bought Lemen's Octavo of Freezing and Mud for 510 gold
                  | pieces
 30267 | Orc:2    | Learned a level 6 spell: Iron Shot
 30270 | Orc:2    | Bought a glowing broad axe for 259 gold pieces
 30272 | Orc:2    | Found Qeqiemn's Antique Weapon Boutique.
 30279 | Orc:2    | Bought a polished flail for 289 gold pieces
 30279 | Orc:2    | Identified the +8 flail of the Lumpy People {freeze, Fly
                  | Int+3} (You bought it in a shop on level 2 of the Orcish
                  | Mines)
 30301 | Orc:2    | Noticed Josephine
 30306 | Orc:2    | Killed Josephine
 30727 | Orc:1    | You are sucked into a shaft and drop 1 floor!
 30845 | Orc:2    | Found Tovi's General Store.
 30991 | Orc:2    | Bought a scroll of enchant armour for 97 gold pieces
 31287 | Orc:2    | Found Zavviso's Assorted Antiques.
 31290 | Orc:2    | Found a staircase to the Elven Halls.
 31298 | Orc:2    | Bought a pair of glowing gloves for 270 gold pieces
 32077 | D:14     | Reached XP level 16. HP: 99/124 MP: 6/32
 32094 | D:14     | Offered knowledge of Fireball by Vehumet.
 32362 | D:14     | Found a gate to the Vaults.
 33183 | D:15     | Entered Level 15 of the Dungeon
 33854 | Abyss:2  | Cast into level 2 of the Abyss (a wizard)
 34038 | Abyss:2  | Gained mutation: [You are frail. (-10% HP)] [a neqoxec]
 34041 | Abyss:2  | Noticed a tentacled starspawn
 34053 | Abyss:2  | Killed a tentacled starspawn
 34181 | Abyss:2  | HP: 2/87 [smoke demon/divine providence (13)]
 34182 | Abyss:2  | Killed from afar by a smoke demon

Illustrated notes

Levels and vault maps discovered:
D:1:      dpeg_arrival_renting, layout_basic, minmay_misc_feat_x
D:2:      layout_loops_ring, chequers_serial_rivers_marsh
D:3:      layout_basic, mainiacjoe_overflow_brackets, uniq_robin
D:4:      layout_loops_ring, lemuel_doored_altar, zin_academy, uniq_duvessa
D:5:      layout_basic, trog_book, minmay_increasing_density, uniq_sigmund
D:6:      layout_loops_ring, gammafunk_temple_of_torment,
          minmay_temple_entry_ruins, serial_glass, glass_columns_b,
          glass_columns_b, st_stairs_8
D:7:      layout_gridville, enter_bailey_3, st_stairs_12, serial_bayou_lagoon_a
D:8:      layout_basic, nicolae_overflow_hidden_temple,
          nicolae_ashenzari_panopticon, nicolae_overflow_squiral,
          mainiacjoe_overflow_boulevard, david_lair_generic, uniq_amaemon
D:9:      layout_cave_pools
D:10:     layout_loops_ring, nemelex_xobeh_ov_fountains_minmay, david_orc_5,
          uniq_urug, uniq_harold
D:11:     layout_loops_corners, nicolae_qazlal_general_emergency
D:12:     layout_irregular_city, kb_rosetta, uniq_maurice
D:13:     layout_gridville, chequers_serial_rivers_large_a
D:14:     layout_basic, david_vaults_3, kennysheep_nondescript, drop_trap
D:15:     grunt_enter_depths_magical_seal, layout_rooms, serial_bayou_pond_d
Temple:   hellmonk_temple_beads
Lair:1:   layout_cave_pods, st_stairs_7, lemuel_fruit_fields, grunt_megastairs_4
Lair:2:   layout_regular_city, palyth_hydra_swamp_entry,
          nicolae_snake_entry_warm_welcome, chequers_serial_rivers_small_b,
          grunt_megastairs_1
Lair:3:   dreamdust_cave_troll, layout_long_grid, ebering_ghost_reflecting_pool,
          serial_bayou_shore_b
Lair:4:   layout_cave_pods, slime_entry_2, infiniplex_staircase_pool_2,
          lemuel_fruit_fields, uniq_nessos
Lair:5:   wormcave, layout_loops_ring, hangedman_lair_caniforms_friends,
          serial_bayou_shore_a
Orc:1:    layout_caves, mines2_david
Orc:2:    st_orc_ogre_mass, layout_caves, serial_shops, shop, shop,
          nicolae_shop_trees, shop_statue, elves_outpost_lemuel, uniq_josephine
Abyss:2:  base:
Lair:1

Skill      XL: |  1  2  3  4  5  6  7  8  9 10 11 12 13 14 15 16 |
---------------+-------------------------------------------------+-----
Spellcasting   | 5 6 7 8 9 10 11 12 | 12.3
Invocations    | 1 2 3 4 5 6 7 8 10 11 12 | 12.3
Fighting       | 1 2 3 5 6 7 8 9 10 11 | 11.3
Short Blades   | 1 2 3 5 6 7 8 9 10 11 | 11.3
Long Blades    | 1 2 3 5 6 7 8 9 10 11 | 11.3
Axes           | 1 2 3 5 6 7 8 9 10 11 | 11.3
Maces & Flails | 1 2 3 5 6 7 8 9 10 11 | 11.3
Polearms       | 1 2 3 5 6 7 8 9 10 11 | 11.3
Staves         | 1 2 3 5 6 7 8 9 10 11 | 11.3
Ranged Weapons | 1 2 3 5 6 7 8 9 10 11 | 11.3
Throwing       | 1 2 3 5 6 7 8 9 10 11 | 11.3
Armour         | 1 2 3 5 6 7 8 9 10 11 | 11.3
Shields        | 1 2 3 5 6 7 8 9 10 11 | 11.3
Unarmed Combat | 1 2 3 5 6 7 8 9 10 11 | 11.3
Evocations     | 1 2 3 5 6 7 8 9 10 11 | 11.3
Hexes          | 1 2 3 4 5 6 7 8 9 |  9.5
Summonings     | 1 2 3 4 5 6 7 8 9 |  9.5
Necromancy     | 1 2 3 4 5 6 7 8 9 |  9.5
Translocations | 1 2 3 4 5 6 7 8 9 |  9.5
Transmutations | 1 2 3 4 5 6 7 8 9 |  9.5
Fire Magic     | 1 2 3 4 5 6 7 8 9 |  9.5
Ice Magic      | 1 2 3 4 5 6 7 8 9 |  9.5
Air Magic      | 1 2 3 4 5 6 7 8 9 |  9.5
Earth Magic    | 1 2 3 4 5 6 7 8 9 |  9.5
Poison Magic   | 1 2 3 4 5 6 7 8 9 |  9.5
Dodging        | 5 6 7 8 9 10 11 12 | 12.2
Stealth        | 5 6 7 8 9 10 11 12 | 12.0
Conjurations   | 8 9 10 11 | 11.8

Action                     |  1- 3 |  4- 6 |  7- 9 | 10-12 | 13-15 | 16-18 || total
---------------------------+-------+-------+-------+-------+-------+-------++-------
  Melee: Mace              |       |    17 |    15 |       |       |       ||    32
         Bite              |       |     1 |    13 |    57 |    97 |    30 ||   198
         Dire flail        |       |       |   102 |   334 |       |       ||   436
         Halberd           |       |       |     4 |       |       |       ||     4
         Demon trident     |       |       |       |    74 |   768 |   220 ||  1062
         Punch             |       |       |       |     1 |    29 |       ||    30
  Throw: Dart              |       |     6 |    12 |    10 |     1 |       ||    29
         Throwing net      |       |       |       |     1 |       |       ||     1
   Cast: Magic Dart        |    68 |    88 |   101 |    75 |    32 |     6 ||   370
         Searing Ray       |       |     6 |    30 |    27 |       |       ||    63
         Iskenderun's Myst |       |       |    14 |    92 |    86 |    14 ||   206
         Mephitic Cloud    |       |       |     6 |    26 |    19 |     4 ||    55
         Freezing Cloud    |       |       |       |     9 |    40 |     9 ||    58
         Stone Arrow       |       |       |       |       |    28 |       ||    28
         Irradiate         |       |       |       |       |    12 |     6 ||    18
         Plasma Beam       |       |       |       |       |    12 |     6 ||    18
         Flame Wave        |       |       |       |       |     2 |       ||     2
         Iron Shot         |       |       |       |       |    13 |    16 ||    29
  Evoke: Wand              |       |       |     2 |    20 |    18 |     2 ||    42
    Use: Scroll            |       |     5 |    13 |     6 |    16 |     2 ||    42
         Potion            |       |       |     6 |     3 |     6 |       ||    15
   Stab: Sleeping          |       |       |     2 |    11 |    10 |       ||    23
         Confused          |       |       |     1 |     4 |     7 |     1 ||    13
         Distracted        |       |       |       |     2 |     6 |       ||     8
         Betrayed ally     |       |       |       |     1 |       |       ||     1
 Armour: Robe              |     1 |     2 |     6 |       |       |       ||     9
         Steam dragon scal |       |       |    19 |   121 |   206 |    39 ||   385
  Dodge: Dodged            |     2 |    30 |   151 |   428 |   701 |   108 ||  1420
  Block: Buckler           |       |       |       |       |   101 |    39 ||   140
